 Dungeon Crawl Stone Soup version 0.30.1-1-g62c8e00024 (webtiles) character file.

Game seed: 4956889014074960677

123 LynnLen the Sneak (level 4, -8/19 (21) HPs)
             Began as a Spriggan Enchanter on July 14, 2023.
             Shot with an arrow by a centaur (11 damage)
             ... on level 4 of the Dungeon.
             The game lasted 00:06:15 (2910 turns).

LynnLen the Sneak (Spriggan Enchanter)              Turns: 2910, Time: 00:06:16

HP:   -8/19 (21)    AC:  2    Str:  4    XL:     4   Next: 79%
MP:   10/10         EV: 17    Int: 18    God:
Gold: 107           SH:  0    Dex: 15    Spells: 2/10 levels left

rFire   . . .        a - +1 dagger
rCold   . . .        (no shield)
rNeg    . . .        b - +0 robe
rPois   .            (helmet restricted)
rElec   .            (no cloak)
rCorr   .            (gloves unavailable)
SInv    +            (boots unavailable)
Will    .....        (no amulet)
Stlth   +++          (no ring)
HPRegen 0.23/turn    (no ring)
MPRegen 0.12/turn

%: no passive effects
@: drained, invisible, very quick
A: very small, no large weapons, unfitting armour, see invisible, speed 3
a: no special abilities


You were on level 4 of the Dungeon.
You visited 1 branch of the dungeon, and saw 4 of its levels.

You collected 107 gold pieces.

Inventory:

Hand Weapons
 a - a +1 dagger (weapon)
Armour
 b - a +0 robe (worn)
Scrolls
 d - a scroll of teleportation
 f - 2 scrolls of immolation
 h - a scroll of fear {unknown}
 i - a scroll of amnesia {unknown}
 k - a scroll of noise {unknown}
 l - a scroll of blinking {unknown}
 o - a scroll of poison {unknown}
 q - a scroll of vulnerability {unknown}
Potions
 c - 2 potions of invisibility
 e - 3 potions of curing
 g - a potion of haste {unknown}
 j - a potion of attraction {unknown}
 m - 3 potions of brilliance
 p - a potion of degeneration {unknown}


   Skills:
 + Level 2.2 Short Blades
 - Level 2.6 Dodging
 * Level 6.2 Stealth
 + Level 3.6 Spellcasting
 + Level 4.3 Hexes
 + Level 0.9 Ice Magic


You had 2 spell levels left.
You knew the following spells:

 Your Spells              Type           Power      Damage    Failure   Level
a - Ensorcelled Hibernat  Hex/Ice        24%        N/A       8%          2
b - Confusing Touch       Hex            18%        N/A       8%          3
c - Tukima's Dance        Hex            18%        N/A       8%          3

Your spell library contained the following spells:

 Spells                   Type           Power      Damage    Failure   Level
 Dazzling Flash           Conj/Hex       22%        N/A       19%         3
 Frozen Ramparts          Ice            12%        1d2       32%         3
 Ice Form                 Ice/Tmut       4%         N/A       77%         4
 Summon Ice Beast         Ice/Summ       4%         N/A       77%         4


Dungeon Overview and Level Annotations

Branches:
Dungeon (4/15)
 Temple: D:4-7

Altars:
Okawaru
Ru


Innate Abilities, Weirdness & Mutations

You are very small and have problems with some larger weapons.
You are too small for most types of armour.
You have supernaturally acute eyesight. (SInv)
You cover ground extremely quickly. (Speed+++)


Message History

Press: ? - help, Q - select action Shift-Dir - straight line, f - iguana
Aim: an iguana (chance to affect: 54%)
You miscast Ensorcelled Hibernation.
You are very lightly contaminated with residual magic.
Nothing appears to happen.
The iguana bites you.
Aiming: Ensorcelled Hibernation (safe; 9% risk of failure)
Press: ? - help, Q - select action Shift-Dir - straight line, f/p - iguana
Aim: an iguana (chance to affect: 54%)
The iguana resists with significant effort.
Found a scroll of immolation.
Your magical contamination has completely faded away.
Aiming: Ensorcelled Hibernation (safe; 9% risk of failure)
Press: ? - help, Q - select action Shift-Dir - straight line, f/p - iguana
Aim: an iguana (chance to affect: 54%)
The iguana looks drowsy...
The helpless iguana fails to defend itself.
You impale the iguana!!
You kill the iguana!
Found 2 potions of curing.
f - 2 scrolls of immolation (gained 1)
e - 3 potions of curing (gained 2) HP restored.
Magic restored.
You see here an orb of guile.
A centaur comes into view.
A centaur is nearby!
The centaur shouts!
The centaur wields a +0 shortbow of draining.
You sense an unholy aura.
The centaur shoots an arrow.
The arrow hits you!
You feel drained.
The centaur shoots an arrow.
The arrow hits you.
* * * LOW HITPOINT WARNING * * *
You feel drained.
* * * LOW HITPOINT WARNING * * *
Unknown command.
You fade into invisibility!
The centaur shoots an arrow.
The arrow hits you!
Ouch! That really hurt!
You die...

#### #..# #..# #..# ....
#..######## .....#
##..#......# .....#
##......c..# .....#
###....@.....#
.....#####...###........
...........### #.....###
........#### #.....#
.รท.<...### ##...##
....<.##.# ...#
.###.....# ..## ##
#.....# .## ##.....#


You could see a centaur (unable to see you).

Vanquished Creatures
  An iguana (D:4)
  4 adders
  2 worms
  2 dart slugs (D:1)
  3 orcs (D:3)
  3 ball pythons
  2 bats
  4 endoplasms
  A giant cockroach (D:3)
  2 goblins
  4 hobgoblins
  2 jackals (D:1)
  6 quokkas
  3 frilled lizards
  3 kobolds
  A rat (D:1)
43 creatures vanquished.

Notes
Turn   | Place    | Note
-------+----------+-------------------------------------------
     0 | D:1      | LynnLen the Spriggan Enchanter began the quest for the Orb.
     0 | D:1      | Reached XP level 1. HP: 9/9 MP: 5/5
   200 | D:1      | Reached XP level 2. HP: 13/13 MP: 6/6
   320 | D:1      | Reached skill level 5 in Stealth
   891 | D:1      | Learned a level 2 spell: Ensorcelled Hibernation
   905 | D:2      | Reached XP level 3. HP: 5/16 MP: 1/8
   909 | D:2      | Learned a level 3 spell: Confusing Touch
   913 | D:2      | Learned a level 3 spell: Tukima's Dance
  1035 | D:2      | Found an iron altar of Okawaru.
  2228 | D:3      | Reached XP level 4. HP: 21/21 MP: 7/10
  2500 | D:3      | Found a sacrificial altar of Ru.
  2764 | D:4      | Reached skill level 6 in Stealth
  2906 | D:4      | Noticed a centaur
  2910 | D:4      | Shot with an arrow by a centaur

Illustrated notes

Levels and vault maps discovered:
D:1:      tekkud_arrival_beachfront_property, layout_rooms, serial_forest,
          infiniplex_forest_clump_small, infiniplex_forest_lined_corner,
          infiniplex_forest_clump_curved, infiniplex_forest_side_room,
          infiniplex_forest_end_1, infiniplex_forest_clump_small,
          minmay_misc_feat_chi
D:2:      layout_basic, basic_altar
D:3:      layout_basic, nicolae_ru_the_path_less_chosen, minmay_misc_feat_alley
D:4:      layout_cave_pods, beargit_hepliaklqana_dungeon_heroes,
          gammafunk_temple_overflow_pools, kiku_gazebo_pond_becter,
          minmay_misc_feat_five

Skill      XL: |  1  2  3  4 |
---------------+-------------+-----
Stealth        | 5 6 |  6.2
Spellcasting   | 3 |  3.6
Hexes          | 4 |  4.3
Short Blades   | 2 |  2.2
Dodging        | |  2.6
Ice Magic      | |  0.9

Action                     |  1- 3 |  4- 6 || total
---------------------------+-------+-------++-------
  Melee: Dagger            |    81 |    32 ||   113
         Punch             |     1 |     1 ||     2
   Cast: Ensorcelled Hiber |     7 |    10 ||    17
    Use: Scroll            |     2 |     2 ||     4
         Potion            |       |     1 ||     1
   Stab: Sleeping          |    16 |     8 ||    24
 Armour: Robe              |     3 |     3 ||     6
  Dodge: Dodged            |    36 |     8 ||    44
